 Dungeon Crawl Stone Soup version 0.23.2-1-ga50397a (webtiles) character file.

Game seed: 14294810945019386733

268 diana the Chopper (level 6, 0/47 HPs)
             Began as a Demonspawn Gladiator on Apr 30, 2019.
             Succumbed to an adder's poison
             ... on level 3 of the Dungeon.
             The game lasted 00:03:15 (2125 turns).

diana the Chopper (Demonspawn Gladiator)            Turns: 2125, Time: 00:03:16

Health: 0/47       AC: 12    Str: 13 (16) XL:     6   Next: 1%
Magic:  6/6        EV:  6    Int: 13 (15) God:
Gold:   95         SH:  0    Dex: 13 (14) Spells: 5/5 levels left

rFire    . . .     SeeInvis .   v - +2 war axe (venom)
rCold    . . .     Gourm    .   (no shield)
rNeg     . . .     Faith    .   p - +0 chain mail
rPois    .         Spirit   .   c - +0 helmet
rElec    .         Reflect  .   (no cloak)
rCorr    .         Harm     .   (no gloves)
MR       .....                  h - +0 pair of boots
Stlth    ..........             (no amulet)
HPRegen  0.15/turn              (no ring)
MPRegen  0.10/turn              (no ring)

@: brilliant, lethally poisoned (0 -> -6), heavily drained
A: slimy green scales 1, demonic guardian 1, nightstalker 1
a: no special abilities


You were on level 3 of the Dungeon.
You were not hungry.

You visited 1 branch of the dungeon, and saw 3 of its levels.

You collected 95 gold pieces.

Inventory:

Hand Weapons
 a - a +0 war axe
 v - a +2 war axe of venom (weapon)
Missiles
 d - 3 throwing nets (quivered)
Armour
 b - a +0 leather armour
 c - a +0 helmet (worn)
 h - a +0 pair of boots (worn)
 n - a +0 shield
 p - a +0 chain mail (worn)
Jewellery
 s - a +4 ring of protection {unknown}
Wands
 o - a wand of flame (6)
Scrolls
 e - 4 scrolls of identify {unknown}
 g - a scroll of fear {unknown}
 i - a scroll of teleportation {unknown}
 j - a scroll of amnesia {unknown}
 k - 2 scrolls of remove curse {unknown}
 l - 2 scrolls of fog {unknown}
 m - a scroll of magic mapping {unknown}
 r - a scroll of noise {unknown}
Comestibles
 f - 6 rations


   Skills:
 + Level 3.5(2.2) Fighting
 + Level 3.8(2.6) Axes
 - Level 1.7(0.5) Throwing
 + Level 2.4(1.2) Armour
 + Level 3.8(2.5) Dodging


You had 5 spell levels left.
You didn't know any spells.
Your spell library was empty.

Dungeon Overview and Level Annotations

Branches:
Dungeon (3/15)

Altars:
Nemelex Xobeh


Innate Abilities, Weirdness & Mutations

You are partially covered in slimy green scales. (AC +2)
A weak demonic guardian rushes to your aid.
You are slightly more attuned to the shadows.


Message History

Your iron imp hits the orc.
You feel sick.
Your iron imp hits the orc.
The orc dies!
You feel sick.
Your iron imp hits the orc.
The orc barely misses your iron imp.
Things that are here:
a cursed -2 club; a goblin corpse You aren't carrying any potions.
You closely miss the adder. The adder bites you but does no damage.
Something hits your iron imp.
Your iron imp hits the orc!
The orc dies!
The adder barely misses you.
You miss the adder.
You feel sick. The adder bites you.
* * * LOW HITPOINT WARNING * * *
You are more poisoned.
The adder poisons you!
Your iron imp closely misses the orc.
The adder bites you but does no damage.
Unknown command.
You slash the adder!
The adder is poisoned.
The adder is almost dead.
You die...

#.....(#####.### #..
#.#.<..# #...#######..
.......#
#.#.####.#..........
.[.....#
#.####...#.########.
......$# #..).#.###.# #.
.......#.####[#.# #.# #.
....oo#......#.# #.########.
#w))#...#..#.# #.#........
#.###)#####@##.###.#........
#....5)o..S.##.....#......<.
#.###.#####.########........
#.# #....############# ..#
##[.........# ####
#..).......# #...†......#
#..........#
######..........#


You could see an adder, an orc and a friendly iron imp.

Vanquished Creatures
  An orc priest (D:3)
  Terence (D:2)
  2 adders
  An ooze (D:2)
  A worm (D:2)
  4 dart slugs
  3 leopard geckos (D:1)
  3 orcs (D:3)
  2 ball pythons
  5 bats
  2 giant cockroaches
  7 hobgoblins
  2 jackals (D:1)
  A quokka (D:2)
  3 frilled lizards
  4 goblins
  3 kobolds
  3 rats
48 creatures vanquished.

Vanquished Creatures (collateral kills)
  Sigmund (D:2)
  An orc wizard (D:3)
  An adder (D:3)
  3 orcs (D:3)
  A giant cockroach (D:3)
7 creatures vanquished.

Grand Total: 55 creatures vanquished

Notes
Turn   | Place    | Note
-------+----------+-------------------------------------------
     0 | D:1      | diana the Demonspawn Gladiator began the quest for the Orb.
     0 | D:1      | Reached XP level 1. HP: 16/16 MP: 1/1
    59 | D:1      | Gained mutation: A weak demonic guardian rushes to your
                  | aid. [demonic ancestry]
    59 | D:1      | Reached XP level 2. HP: 12/22 MP: 2/2
   417 | D:1      | Reached skill level 1 in Armour
   702 | D:1      | Reached XP level 3. HP: 22/28 MP: 3/3
  1021 | D:2      | Noticed Terence
  1028 | D:2      | Killed Terence
  1220 | D:2      | Noticed Sigmund
  1238 | D:2      | Killed Sigmund
  1238 | D:2      | Gained mutation: You are slightly more attuned to the
                  | shadows. [demonic ancestry]
  1238 | D:2      | Reached XP level 4. HP: 22/35 MP: 4/4
  1238 | D:2      | Gained mutation: You are partially covered in slimy green
                  | scales. (AC +2) [demonic ancestry]
  1238 | D:2      | Reached XP level 5. HP: 26/41 MP: 5/5
  1321 | D:2      | Found a sparkling altar of Nemelex Xobeh.
  2118 | D:3      | Reached XP level 6. HP: 5/47 MP: 6/6
  2124 | D:3      | HP: 1/47 [adder (2)]
  2125 | D:3      | Succumbed to an adder's poison

Skill      XL: |  1  2  3 |
---------------+----------+-----
Armour         | 1 2 |  2.4
Axes           | 3 |  3.8
Dodging        | 3 |  3.8
Fighting       | 3 |  3.5
Throwing       | |  1.7

Action                   |  1- 3 |  4- 6 || total
-------------------------+-------+-------++-------
Melee: War axe           |    88 |    68 ||   156
  Use: Potion            |     2 |     2 ||     4
  Eat: Chunk             |     1 |     3 ||     4
Armor: Leather armour    |    25 |       ||    25
       Chain mail        |    10 |    62 ||    72
Dodge: Dodged            |    69 |    24 ||    93
